 Dungeon Sprint DCSS version 0.31-a0-95-g6fa058ef04 (webtiles) character file.

Game seed: 6470805000730200365

979 sircluck the Unseen (level 8, -3/51 HPs)
             Began as a Kobold Brigand on May 25, 2023.
             Slain by a komodo dragon (12 damage)
             ... in the Dungeon (Sprint I: "Red Sonja").
             The game lasted 00:02:21 (429 turns).

sircluck the Unseen (Kobold Brigand)                 Turns: 429, Time: 00:02:22

Health: -3/51      AC:  7    Str:  8    XL:     8   Next: 40%
Magic:  8/8        EV: 16    Int: 12    God:
Gold:   114        SH:  0    Dex: 19    Spells: 7/7 levels left

rFire   . . .        m - +3 dagger (venom)
rCold   . . .        (no shield)
rNeg    + . .        r - +1 robe {rN+}
rPois   .            (no helmet)
rElec   .            c - +0 cloak
rCorr   .            q - +2 pair of gloves {hurl}
SInv    .            (no boots)
Will    .....        (no amulet)
Stlth   +++++++++    (no ring)
HPRegen 0.28/turn    (no ring)
MPRegen 0.11/turn

%: no teleportation
@: no status effects
A: small, no large weapons, nightstalker 3
a: no special abilities


You were in the Dungeon.
You visited 1 branch You collected 415 gold pieces.
You spent 301 gold pieces at shops.

Inventory:

Hand Weapons
 a - a +2 dagger
 m - a +3 dagger of venom (weapon)
Missiles
 d - 5 poisoned darts (quivered)
 e - 3 curare-tipped darts
 o - 5 stones
Armour
 b - a +0 robe
 c - a +0 cloak (worn)
 q - a +2 pair of gloves of hurling (worn)
 r - a +1 robe of positive energy (worn)
Wands
 l - a wand of polymorph (8)
Scrolls
 p - 2 scrolls of immolation {unknown}
Potions
 f - a potion of curing
 h - a potion of haste
 i - 2 potions of magic
 j - a potion of berserk rage
 n - a potion of enlightenment {unknown}


   Skills:
 + Level 6.0 Fighting
 + Level 7.5 Short Blades
 + Level 5.8 Throwing
 + Level 3.1 Dodging
 + Level 20.5 Stealth


You had 7 spell levels left.
You didn't know any spells.
Your spell library was empty.

Dungeon Overview and Level Annotations

Branches:
Dungeon (1/1)

Altars:
Cheibriados
Dithmenos
Elyvilon
Fedhas
Gozag
Hepliaklqana
Kikubaaqudgha
Makhleb
Nemelex Xobeh
Okawaru
Qazlal
Ru
Sif Muna
Trog
Uskayaw
Vehumet
Wu Jian
Xom
Yredelemnul
Zin
The Shining One
Jiyva
Lugonu

Shops:
D [


Innate Abilities, Weirdness & Mutations

You are small and have problems with some larger weapons.
You are completely attuned to the shadows.


Message History

Things that are here:
a +0 dagger; a +0 robe You hit the komodo dragon but do no damage.
The komodo dragon looks as sick as possible!
The komodo dragon is moderately wounded.
You hit the komodo dragon but do no damage.
The komodo dragon looks as sick as possible!
The komodo dragon is moderately wounded.
The komodo dragon barely misses you.
You hit the komodo dragon but do no damage.
The komodo dragon is heavily wounded.
The komodo dragon barely misses you.
You barely miss the komodo dragon.
The komodo dragon is heavily wounded.
You barely miss the komodo dragon.
The komodo dragon is heavily wounded.
The komodo dragon bites you!!
You hit the komodo dragon.
The komodo dragon looks as sick as possible!
The komodo dragon is severely wounded.
A demonic crawler comes into view.
The komodo dragon barely misses you.
You hit the komodo dragon but do no damage.
The komodo dragon is severely wounded.
You hit the komodo dragon but do no damage.
The komodo dragon looks as sick as possible!
The komodo dragon is severely wounded.
The komodo dragon bites you!!
* * * LOW HITPOINT WARNING * * *
You hit the komodo dragon but do no damage.
The komodo dragon looks as sick as possible!
The komodo dragon is almost dead.
You hit the komodo dragon but do no damage.
The komodo dragon is almost dead.
The komodo dragon barely misses you.
A demonic crawler comes into view.
You hit the komodo dragon but do no damage.
The komodo dragon is almost dead.
The komodo dragon bites you!
You die...

######################
.['..#.)'..#__#.@ls(.#
..#.)'..#..'..'..#s.(#
####'#####'#__####.s.(
###..#...#.#### ####
__####..##.#
_____##'#_.+
_.∩..†'..._#
_..__##_.#'#
_____###+#.#


You could see 3 demonic crawlers and a komodo dragon (extremely poisoned).

Vanquished Creatures
  A kobold demonologist (D)
  Sigmund (D)
  A slime creature (D)
  A yak (D)
  A floating eye (D)
  An ogre (D)
  A jelly (D)
  Ijyb (D)
8 creatures vanquished.

Notes
Turn   | Place    | Note
-------+----------+-------------------------------------------
     0 | D        | sircluck the Kobold Brigand began the quest for the Orb.
     0 | D        | Reached XP level 1. HP: 12/12 MP: 1/1
     1 | D        | Noticed Ijyb
     4 | D        | Killed Ijyb
     5 | D        | Reached skill level 8 in Stealth
     5 | D        | Reached XP level 2. HP: 18/18 MP: 2/2
     5 | D        | Reached XP level 3. HP: 22/22 MP: 3/3
    24 | D        | Noticed an ogre
    27 | D        | Killed an ogre
    28 | D        | Reached skill level 12 in Stealth
    28 | D        | Reached XP level 4. HP: 28/28 MP: 4/4
    28 | D        | Reached XP level 5. HP: 32/32 MP: 5/5
    37 | D        | Noticed Sigmund
    40 | D        | Killed Sigmund
    41 | D        | Reached skill level 5 in Short Blades
    41 | D        | Reached skill level 15 in Stealth
    41 | D        | Reached XP level 6. HP: 39/39 MP: 6/6
    54 | D        | Found a burning altar of Makhleb.
    54 | D        | Found a viscous altar of Jiyva.
    54 | D        | Found a shimmering altar of Xom.
    54 | D        | Found a corrupted altar of Lugonu.
    54 | D        | Noticed a slime creature
    57 | D        | Killed a slime creature
    58 | D        | Reached skill level 5 in Throwing
    58 | D        | Reached skill level 17 in Stealth
    58 | D        | Reached XP level 7. HP: 44/44 MP: 7/7
    60 | D        | Found an ornate altar of the Wu Jian Council.
    61 | D        | Found a shimmering blue altar of Sif Muna.
    62 | D        | Found a radiant altar of Vehumet.
    73 | D        | Reached skill level 5 in Fighting
   184 | D        | Found a hazy altar of Hepliaklqana.
   184 | D        | Found a stormy altar of Qazlal.
   184 | D        | Found a hide-covered altar of Uskayaw.
   184 | D        | Found a blossoming altar of Fedhas.
   184 | D        | Noticed a yak
   185 | D        | Found Ihaliud's Antique Armour Emporium.
   185 | D        | Found a bloodstained altar of Trog.
   185 | D        | Found an opulent altar of Gozag.
   185 | D        | Found a snail-covered altar of Cheibriados.
   186 | D        | Killed a yak
   187 | D        | Reached skill level 19 in Stealth
   187 | D        | Found an iron altar of Okawaru.
   187 | D        | Found a sparkling altar of Nemelex Xobeh.
   187 | D        | Found a sacrificial altar of Ru.
   187 | D        | Found a glowing silver altar of Zin.
   188 | D        | Found an ancient bone altar of Kikubaaqudgha.
   188 | D        | Found a basalt altar of Yredelemnul.
   188 | D        | Found a glowing golden altar of the Shining One.
   188 | D        | Found a shadowy altar of Dithmenos.
   188 | D        | Found a white marble altar of Elyvilon.
   191 | D        | Bought a pair of glowing gloves for 202 gold pieces
   191 | D        | Bought an embroidered robe for 99 gold pieces
   222 | D        | Noticed a kobold demonologist
   223 | D        | Noticed a kobold demonologist
   226 | D        | Paralysed by a floating eye for 4 turns
   227 | D        | Noticed a chaos spawn
   229 | D        | Noticed a hellwing
   234 | D        | Reached XP level 8. HP: 27/50 MP: 8/8
   234 | D        | Noticed an orange demon
   242 | D        | Noticed a rust devil
   245 | D        | a kobold demonologist changed into a komodo dragon
   245 | D        | Noticed a komodo dragon
   248 | D        | Killed a kobold demonologist
   249 | D        | Reached skill level 20 in Stealth
   416 | D        | Noticed a demonic crawler
   424 | D        | Noticed a demonic crawler
   428 | D        | Noticed a demonic crawler
   429 | D        | Slain by a komodo dragon

Illustrated notes

Levels and vault maps discovered:
D:        dungeon_sprint_1 [red_sonja_temple_1, red_sonja_temple_small_1]

Skill      XL: |  1  2  3  4  5  6  7  8 |
---------------+-------------------------+-----
Short Blades   | 3 4 5 6 7 |  7.5
Stealth        | 8 12 15 17 19 20 | 20.5
Fighting       | 3 4 5 6 |  6.0
Throwing       | 3 4 5 |  5.8
Dodging        | 2 3 |  3.1

Action                     |  1- 3 |  4- 6 |  7- 9 || total
---------------------------+-------+-------+-------++-------
  Melee: Dagger            |     2 |     2 |    35 ||    39
  Throw: Dart              |       |       |     4 ||     4
  Evoke: Wand              |       |       |     2 ||     2
    Use: Scroll            |       |       |     1 ||     1
         Potion            |       |       |     1 ||     1
   Stab: Sleeping          |     2 |     2 |     1 ||     5
 Armour: Robe              |       |       |    10 ||    10
  Dodge: Dodged            |       |       |    30 ||    30

Table legend: (Time is in decaauts)
 A = Elapsed time spent in this place.
 B = Non-inter-level travel time spent in this place.
 C = Inter-level travel time spent in this place.
 D = Time resting spent in this place.
 E = Time spent auto-exploring this place.
 F = Levels seen in this place.
 G = Mean time per level.
                   A        B        C        D        E       F      G
               +--------+--------+--------+--------+--------+-----+--------+
         Total |    414 |    387 |     27 |    167 |     16 |   1 |  414.0 |
       Dungeon |    414 |    387 |     27 |    167 |     16 |   1 |  414.0 |
               +--------+--------+--------+--------+--------+-----+--------+

Top non-repeatable levels by time:
       D: 414 daAuts
